 Dungeon Crawl Stone Soup version 0.31-a0-237-g2d982f9f85 (webtiles) character file.

Game seed: 17272012502083669744

34 qw the Shooter (level 3, -1/21 HPs)
             Began as a Gargoyle Hexslinger on July 10, 2023.
             Slain by a worm (8 damage)
             ... on level 2 of the Dungeon.
             The game lasted 00:00:24 (1055 turns).

qw the Shooter (Gargoyle Hexslinger)                Turns: 1055, Time: 00:00:25

Health: -1/21      AC:  6    Str: 11    XL:     3   Next: 31%
Magic:  4/4        EV: 11    Int: 13    God:
Gold:   175        SH:  0    Dex: 14    Spells: 3/4 levels left

rFire   . . .        Y - +1 sling (heavy)
rCold   + . .        (no shield)
rNeg    + . .        d - +0 leather armour
rPois   inf          (no helmet)
rElec   +            (no cloak)
rCorr   .            (no gloves)
SInv    .            (no boots)
Will    .....        (no amulet)
Stlth   +            h - ring of protection from cold
HPRegen 0.23/turn    (no ring)
MPRegen 0.09/turn

%: no passive effects
@: no status effects
A: sickness immunity, AC +3, negative energy resistance 1, electricity
resistance, torment resistance 1, petrification resistance
a: no special abilities


You were on level 2 of the Dungeon.
You visited 1 branch of the dungeon, and saw 2 of its levels.

You collected 175 gold pieces.


Innate Abilities, Weirdness & Mutations

You are immune to sickness and miasma.
Your stone body is resilient. (AC +3)
You are immune to poison.
You resist negative energy. (rN+)
You are resistant to electric shocks. (rElec)
You are resistant to unholy torment.
You are immune to petrification.


   Skills:
 - Level 2.0 Fighting
 + Level 3.2 Ranged Weapons
 - Level 1.5 Dodging
 - Level 1.0 Spellcasting
 - Level 2.6 Hexes


You had 3 spell levels left.
You knew the following spells:

 Your Spells              Type           Power      Damage    Failure   Level
a - Slow                  Hex            28%        N/A       12%         1

Your spell library contained the following spells:

 Spells                   Type           Power      Damage    Failure   Level
 Inner Flame              Hex/Fire       4%         N/A       54%         3
 Portal Projectile        Hex/Tloc       8%         N/A       54%         3
 Cause Fear               Hex            3%         N/A       77%         4

Inventory:

Hand Weapons
 Y - a +1 heavy sling (weapon)
Armour
 d - a +0 leather armour (worn)
Jewellery
 h - a ring of protection from cold (left hand)
Potions
 i - a potion of cancellation {unknown}

Dungeon Overview and Level Annotations

Branches:
Dungeon (2/15)

Altars:
Trog


Message History

You open the door.
A rat comes into view.
You shoot a sling bullet. The sling bullet hits the rat!
You kill the rat!
As you open the door, it creaks loudly!
A rat comes into view.
You shoot a sling bullet.
The sling bullet closely misses the rat.
The rat bites you. The rat closely misses you.
You shoot a sling bullet. The sling bullet hits the rat!
You kill the rat!
You start resting.
HP restored.
A sourceless malevolence fills the Dungeon... and a teleportation trap spontaneously manifests!
You are yanked towards some nearby monsters!
Your surroundings suddenly seem different.
A kobold, a dart slug and a worm come into view.
Found a bloodstained altar of Trog.
The kobold shouts!
You shoot a sling bullet.
The sling bullet barely misses the worm.
The dart slug launches a dart at you. The slug dart hits you.
You shoot a sling bullet.
The sling bullet barely misses the kobold.
The kobold hits you but does no damage. x2; The worm bites you!
You shoot a sling bullet.
The sling bullet completely misses the worm.
The kobold hits you with a +0 short sword.
The worm closely misses you.
The kobold hits you with a +0 short sword.
You shoot a sling bullet. The sling bullet hits the worm!
The worm is moderately wounded.
The dart slug bites you. The kobold closely misses you. The worm bites you.
The kobold hits you but does no damage. The dart slug barely misses you.
You shoot a sling bullet. The sling bullet hits the worm.
The worm is heavily wounded.
The kobold hits you with a +0 short sword.
The worm bites you!
You die...

... . .. .. ..
... .## ######.
.... .. .......
.....#.#.......
........w......
#.....@K#
##.._.w.#
#......#
#......#
........#
#######..# #..#
#..#


You could see a worm, a dart slug and a kobold.

Vanquished Creatures
  A dart slug (D:1)
  A bat (D:1)
  4 endoplasms (D:1)
  3 goblins (D:1)
  3 hobgoblins
  3 jackals (D:1)
  2 quokkas (D:1)
  5 ball pythons (D:1)
  A frilled lizard (D:1)
  2 kobolds (D:1)
  5 rats
30 creatures vanquished.

Notes
Turn   | Place    | Note
-------+----------+-------------------------------------------
     0 | D:1      | qw the Gargoyle Hexslinger began the quest for the Orb.
     0 | D:1      | Reached XP level 1. HP: 12/12 MP: 2/2
     0 | D:1      | 0 ||| qw: Version: 0.3-a-52-g30416fa
     0 | D:1      | 0 ||| qw: Game counter: 5330
     0 | D:1      | 0 ||| qw: Melee chars always use a shield: true
     0 | D:1      | 0 ||| qw: God list: Okawaru
     0 | D:1      | 0 ||| qw: Allow faded altars: false
     0 | D:1      | 0 ||| qw: Do Orc after clearing Dungeon:15 true
     0 | D:1      | 0 ||| qw: Do second Lair branch before Depths: true
     0 | D:1      | 0 ||| qw: Lair rune preference: random
     0 | D:1      | 0 ||| qw: Goals: Normal
     0 | D:1      | 0 ||| PLANNING D:1-11
   221 | D:1      | HP: 3/12 [jackal (3)]
   223 | D:1      | Reached XP level 2. HP: 5/16 MP: 3/3
   389 | D:1      | Reached skill level 3 in Ranged Weapons
   616 | D:1      | Reached XP level 3. HP: 21/21 MP: 4/4
   941 | D:1      | 941 ||| UPGRADING to +0 leather armour.
   951 | D:1      | 951 ||| DROPPING +0 robe.
   952 | D:1      | 952 ||| UPGRADING to ring of protection from cold.
   953 | D:1      | 953 ||| READING scroll labelled QIPUTIBRUM.
   968 | D:1      | 968 ||| READING 2 scrolls labelled WEAQI OM QIFAI.
   969 | D:1      | 969 ||| READING scroll labelled POAGAH ANUUCE.
   970 | D:1      | 970 ||| DROPPING scroll of poison.
   971 | D:1      | 971 ||| DROPPING scroll of revelation.
  1050 | D:2      | Found a bloodstained altar of Trog.
  1055 | D:2      | Slain by a worm

Levels and vault maps discovered:
D:1:      kilobyte_arrival_exit_the_forest, layout_basic,
          minmay_misc_feat_rugged, minmay_heptomino_l4
D:2:      layout_basic, basic_altar, minmay_rat_gold_closets, uniq_natasha

Skill      XL: |  1  2  3 |
---------------+----------+-----
Ranged Weapons | 3 |  3.2
Fighting       | 2 |  2.0
Dodging        | |  1.5
Spellcasting   | |  1.0
Hexes          | |  2.6

Action                     || total
---------------------------++-------
   Fire: Sling             ||   103
    Use: Scroll            ||     3
 Armour: Robe              ||    24
         Leather armour    ||     3
  Dodge: Dodged            ||    41

Table legend:
 A = Non-vault XP
 B = Vault XP
 C = Vault XP percentage of total XP
 D = Non-vault monster count
 E = Vault monster count
 F = Vault count percentage of total count
                 A         B        C        D         E       F
            +---------+---------+-------+---------+---------+-------
      Total |      42 |       7 |  14.3 |      24 |       6 |  20.0
            +---------+---------+-------+---------+---------+-------
        D:1 |      39 |       4 |   9.3 |      22 |       3 |  12.0
        D:2 |       3 |       3 |  50.0 |       2 |       3 |  60.0
            +---------+---------+-------+---------+---------+-------
